[Event "Corus Wijk aan Zee"]
[Site " Wijk aan Zee"]
[Date "2007.01.28"]
[Round "13"]
[White "GM Anand, Viswanathan (IND)"]
[Black "GM Navarra, David (CZE)"]
[Result "1/2-1/2"]
[ECO "C88"]
[WhiteElo "2779"]
[BlackElo "2719"]
[Annotator "Âàñèëèé Ëåáåäåâ"]
[PlyCount "53"]
[EventDate "2007.01.??"]
[EventType "tourn"]
[EventCountry "NED"]
[EventCategory "19"]
[Source "CrestBook.com"]
[TimeControl "40/7200:20/3600:1800"]

{Ðàíüøå, â äàë,êèå óæå ñîâåòñêèå ãîäû, áûëî ðàñïðîñòðàíåíà òàêàÿ ôðàçà ïðî
íåõîðîøèõ ëþäåé: «Íåò, ÒÀÊÈÕ ìû ñ ñîáîé â êîììóíèçì íå âîçüì,ì!»  Òàê âîò,
ìûñëÿ ïî àíàëîãèè, äóìàþ, ÷òî è ÝÒÓ ïàðòèþ Àëåêñàíäð Õàëèôìàí â ñâîþ
ñåðèþ «Äåáþò áåëûìè ïî Àíàíäó» òîæå áû íå âêëþ÷èë...} 1. e4 e5 2. Nf3 Nc6
3. Bb5 a6 4. Ba4 Nf6 5. O-O Be7 6. Re1 b5 7. Bb3 O-O 8. h3 {Îäíîé áèòâû (ñì.
https://online.crestbook.com/wijk07-03.htm)  ïðîòèâ èçîáðåòåíèÿ ñòàðèíû Ôðýíêà
çà òóðíèð Àíàíä ïîñ÷èòàë âïîëíå äîñòàòî÷íûì.} Bb7 9. d3 d6 10. a3 Qd7 {
È òàê Àíàíä èçâåñòåí, êàê íèêòî äðóãîé, ñâîèì óìåíèåì ïîäñìîòðåòü, ïîäõâàòèòü
÷òî-òî íîâåíüêîå èëè æå íàéòè äûðêó èëè óñèëåíèå â âàðèàíòå, ïðèìåíÿåìîì
ñîïåðíèêîì ðàíåå ïî õîäó òóðíèðà, òî Äàâèä ñâîðà÷èâàåò â ñòîðîíó ïåðâûì-} ({
Êàê-òî î÷åíü ëåãêî óðàâíèâàëè, à çàòåì è ïåðåõâàòûâàëè èíèöèàòèâó ÷åðíûåïîñëå
} 10... Nd7 11. Nc3 Nd4 12. Nxd4 exd4 13. Ne2 c5 14. Ba2 Rc8 15. Nf4 Kh8 16. b4
Nb6 17. Ne2 Qd7 18. Bf4 f5 19. f3 fxe4 20. fxe4 cxb4 21. axb4 d5 22. e5 Bxb4
23. Bd2 Bc5 24. Kh1 Nc4 25. Bf4 {Karjakin,S (2678)-Navara,D (2719)/Wijk aan
Zee NED 2007/The Week in Chess 637/1-0 (56)}) ({èëè} 10... Na5 11. Ba2 c5 12.
Nc3 Nc6 13. Nd5 Nxd5 14. Bxd5 Qc7 15. c3 Nb8 16. Bxb7 Qxb7 17. Nh2 Nd7 18. Ng4
Nf6 19. Ne3 g6 20. b3 Rab8 21. Bb2 Rfd8 22. Qf3 d5 23. exd5 Nxd5 24. d4 Nf4 25.
Qg3 Nd3 26. Ng4 e4 27. d5 Qxd5 28. c4 Qe6 29. Be5 Bd6 30. Bxd6 Qxd6 31. Nh6+
Kf8 32. Rxe4 Qxg3 33. fxg3 bxc4 34. bxc4 Rd4 35. Rxd4 cxd4 36. Ng4 h5 37. Nf2
Ne5 38. c5 Rb3 39. g4 Ke7 40. gxh5 gxh5 41. Ne4 Re3 42. Nd6 Ke6 43. Ne8 a5 44.
Nc7+ Kf5 45. Nb5 Ke4 46. Rd1 Nc6 47. Kf2 a4 48. Nd6+ Kd5 49. Rxd4+ Kxd4 50.
Nf5+ Kxc5 51. Kxe3 Ne5 52. g4 hxg4 53. h4 Kc4 54. h5 Kb3 55. Kd4 Nf3+ 56. Kd3
Kxa3 57. Kc3 {1/2-1/2 Shirov,A (2715)-Aronian,L (2744)/Wijk aan Zee NED 2007})
11. Nbd2 Rfe8 ({
Â ïàðòèè Anand,V (2803) - Kamsky,G (2671) (Sofia BUL 2006) ïîñëå} 11... Nd8 12.
c3 Ne6 13. d4 Rad8 14. d5 Nf4 15. Nf1 Ng6 16. Ng3 c6 17. Bg5 cxd5 18. Bxf6 Bxf6
19. Bxd5 Nf4 20. Bxb7 Qxb7 21. Qc2 g6 22. Rad1 d5 23. exd5 Rxd5 24. Rxd5 Qxd5
25. Rd1 Qe6 26. Qe4 {ïîëè÷ëîñü ÷èñòîé âîäû ðàâíîå ïîëîæåíèå. Íî èç-çà
ñîôèéñêèõ ïðàâèë áåëûå, â êîíöå êîíöîâ, äàæå ïðîèãðàëè!} Rb8 27. Ne2 Nxe2+ 28.
Qxe2 Re8 29. Qe4 h6 30. g4 Bg5 31. Nxg5 hxg5 32. Qd5 Kg7 33. Qxe6 Rxe6 34. Rd7
Kf6 35. Kf1 Rc6 36. Ke2 Ke6 37. Rd8 e4 38. f3 exf3+ 39. Kxf3 Rd6 40. Re8+ Kd5
41. b3 Rf6+ 42. Kg2 Rc6 43. Re3 f5 44. gxf5 gxf5 45. Rg3 Ke4 46. a4 bxa4 47.
bxa4 Kf4 48. Rf3+ Ke5 49. Re3+ Kf6 50. Rd3 f4 51. Kf3 Ke5 52. Kg4 Rd6 53. Rxd6
Kxd6 54. h4 gxh4 55. Kxh4 Kd5 56. Kh3 Ke4 57. Kg2 Ke3 {0-1}) 12. c3 $146 ({
Âñå, â òîì ÷èñëå è ñàì Âèøâàíàòàí, äî ýòîãî àâòîìàòè÷åñêè âåëè êîíÿ íà f1.} 
12. Nf1 {RR} Nd8 13. Ng3 Ne6 14. Ng5 (14. c3 c5 15. d4 exd4 16. cxd4 d5 17. e5
Ne4 18. Nf5 Bf8 19. Be3 Rac8 20. dxc5 N6xc5 21. N5d4 Nxb3 22. Qxb3 Nc5 23. Qd1
a5 24. Qb1 Ne4 25. Rd1 b4 26. axb4 Bxb4 27. Nc2 {Kamsky,G (2671)-Ponomariov,R
(2738)/Sofia BUL 2006/The Week in Chess 602/1-0 (41)}) 14... Nxg5 15. Bxg5 h6
16. Bd2 d5 17. exd5 Bxd5 18. Bxd5 Qxd5 19. Bc3 Bc5 20. Ne4 {
1/2-1/2 Anand,V (2786)-Leko,P (2749)/Monte Carlo 2005/CBM 105 ext}) 12... Bf8
13. Ba2 Nd8 14. Nf1 Ne6 15. Ng3 c5 16. d4 ({ïëîõî} 16. Bg5 $5 Nxg5 17. Nxg5 d5
18. Nh5 h6) 16... exd4 17. cxd4 d5 $1 {
Ïåðâûé ïðèçíàê òîãî, ÷òî ó ÷¸ðíûõ â «èñïàíêå» óæå âñ¸ â ïîðÿäêå.} ({Íà} 
17... c4 {ñëîí áåëûõ âïîëíå ìîæåò ïåðåêëþ÷èòüñÿ íà äðóãóþ äèàãîíàëü} 18. b3
$1 {áåëûå äîëæíî áûòü ñ ðàäîñòüþ «çàêóïîðèëè» áû ñâîåãî ñëîíà}) 18. dxc5 ({
Êîíå÷íî, ïëîõî,} 18. exd5 Nxd4 19. Nxd4 (19. Rxe8 Nxf3+ 20. Qxf3 Rxe8) (19.
Ne5 Qd6 20. f4 Bxd5) 19... Rxe1+ 20. Qxe1 cxd4 {È îáìåí ïåøåê «d»,
çàáåæàâøèõ äðóã çà äðóãà, ïðèâåä,ò ê ïîçèöèè, âûãîäíîé äëÿ ÷¸ðíûõ:} 21. Qd1 $1
Bc5 22. b4 Ba7 23. Bb2 {
È  òåïåðü, äàáû ðàçóêðàñèòü î÷åðåäíîé «ñóõàðèê», ðàçáåð,ì ïðîäîëæåíèå À)}
Nxd5 {, ïîñëå ÷åãî ìû âïîëíå ìîãëè ñòàòü ñâèäåòåëÿìè ñëåäóþùåãî «ôîðñàæà»:}
24. Bxd4 Nxb4 $1 25. Bxa7 $1 Qxd1+ 26. Rxd1 Nxa2 27. Rd7 Bc6 28. Rd6 Be8 29.
Rxa6 b4 30. axb4 Nxb4 31. Ra1 ({(÷òîáû ñëåäóþùèé õîä âûøåë ïîêðàñèâåå;} 31.
Ra3) 31... Nc6 32. Bd4 $1 $11 {Õîòü êàêîå-òî ðàçâëå÷åíèå!}) ({
Íî ñèëüíåå (ïîñëå} 18. exd5 Nxd4 19. Nxd4 Rxe1+ 20. Qxe1 cxd4 21. Qd1 $1 Bc5
22. b4 Ba7 23. Bb2 {) Á)} Bxd5 24. Bxd4 Bxa2 25. Bxa7 {
Ëþáîïûòíûé îáðàç÷èê ñèììåòðè÷íîé ïîçèöèè!} Rxa7 26. Qxd7 Rxd7 27. Rxa2 Rd1+
(27... Rd3 $6 28. a4 $1) 28. Kh2 h6 29. Rc2 Rd3 {- è ó ÷¸ðíûõ ïåðåâåñ!
Êîíå÷íî, â ïàðòèè Àíàíäà, â êàêîé áû îí ôîðìå è íàñòðîåíèè íå íàõîäèëñÿ,
òàêîå óâèäåòü íåâîçìîæíî!}) 18... dxe4 19. Nxe4 Qxd1 $1 ({
«Êîìï» ãîëîñóåò âñåìè ñâîèìè ïðîöåññîðàìè çà} 19... Bxe4 20. Qxd7 Nxd7 21.
Rxe4 Ndxc5 22. Re3 Rad8 23. Bd2 Nd3 24. b4 Rd6 {, íî ó ìåíÿ òàêîå ÷óâñòâî
âîçíèêëî çäåñü, ÷òî ôðàçà ïðî «ïðåèìóùåñòâî äâóõ ñëîíîâ» â ýòîì ïîëîæåíèè -
íå ïóñòîé çâóê....}) 20. Nxf6+ gxf6 21. Rxd1 Rad8 $1 {Ýëåãàíòíûé çàìûñåë, äî
êîòîðîãî «êîìï» äîïèðàåò íå ñðàçó! Íè÷åãî óäèâèòåëüíîãî, êàê ñîîáùèë ìíå
Òðàêòàòîð, êîììåíòèðîâàâøèé âåëèêîëåïíóþ ïàðòèþ Íàâàðû èç ïðåäûäóùåãî òóðà
(>=84) è òàì äî ñóòè çàìûñëîâ Äàâèäà «ïðîãè» äîêàïûâàëèñü ñî ñêðèïîì.} ({
Ïîñëå} 21... Bxc5 22. Bh6 {ó áåëûõ ÷óòü ëó÷øå...}) 22. Rxd8 Rxd8 23. b4 {
Áåëûå âûèãðàëè ïåøêó. È ÷òî èì äåëàòü òåïåðü ñ òàêèì ñ÷àñòüåì, îñîáåííî ïîñëå
} Rd1+ 24. Kh2 Bh6 $1 25. Bb2 Bf4+ 26. g3 Rd3 $1 {È çäåñü, ïîñëå} {È ïîñëå} 27.
gxf4 {, ñîïåðíèêè ñîãëàñèëèñü íà íè÷üþ, âñòàëè èç-çà ñòîëèêà è ïîøëè
ãîòîâèòüñÿ ê  çàêëþ÷èòåëüíîìó áàíêåòó.} ({
Íó, à íàì íè÷òî íå ìåøàåò åù¸ íåìíîãî ïîäâèãàòü ôèãóðêè.} 27. gxf4 Rxf3 {
È òåïåðü ïîñëå} 28. Bxe6 fxe6 29. Bxf6 Rxf4 30. Rg1+ Kf7 (30... Kf8 $5) 31.
Rg7+ Kxf6 32. Rxb7 Rxf2+ 33. Kg3 Ra2 34. Rxh7 Rxa3+ {
ïîëó÷àåòñÿ ìèëëèîí ïåðâàÿ «ëàäåéíàÿ» íè÷üÿ}) ({Èíòåðåñíåå (ïîñëå} 27. gxf4
Rxf3 {)} 28. Bxf6 Nxf4 29. Rg1+ Kf8 30. Bg7+ Ke7 31. Re1+ Kd7 {
(âñ¸ îñòàëüíîå - õóæå)} 32. Re3 Rxf2+ 33. Kg3 Nxh3 $1 34. Bb1 (34. Kxh3 Rxa2)
34... Rg2+ ({ïîñëå} 34... Bg2 $2 35. Re5 $1 {
÷¸ðíîìó êîðîëþ ïðåäñòîèò âñòóïèòü ÿâíî íåðàâíûé áîé ñî âñåìè áåëûìè ôèãóðàìè!
}) 35. Kxh3 Rxg7 {Ëþáîïûòíåéøåå ïîëîæåíèå. Íåñìîòðÿ íà ëèøíþþ ïåøêó ÷¸ðíûå
èñïûòûâàþò íåêîòîðûå òðóäíîñòè!  Íàïðèìåð, î÷åíü õî÷åòñÿ ñäåëàòü òàêîé õîä}
36. Kh4 {...  Íî, êîíå÷íî æå, âñ¸ ýòî î÷åíü ñìàõèâàåò íà ðàâåíñòâî...})
1/2-1/2

[Event "Corus Wijk aan Zee"]
[Site " Wijk aan Zee"]
[Date "2007.01.28"]
[Round "13"]
[White "GM Aronian, Levon (ARM) "]
[Black "GM Tiviakov, Sergey (NED)"]
[Result "1-0"]
[ECO "E17"]
[WhiteElo "2744"]
[BlackElo "2682"]
[Annotator "Manowar (îíëàéí)"]
[PlyCount "85"]
[EventDate "2007.01.??"]
[EventType "tourn"]
[EventCountry "NED"]
[EventCategory "19"]
[Source "CrestBook.com"]
[TimeControl "40/7200:20/3600:1800"]

{Çäðàâñòâóéòå! Ñåãîäíÿ, êàê è â÷åðà, äëÿ âàñ ñíîâà ðàáîòàåò Manowar. Ìîé
íûíåøíèé îíëàéí-ðåïîðòàæ ïîñâÿù¸í ïàðòèè Àðîíÿí - Òèâÿêîâ, à ãðîññìåéñòåð
Ñåðãåé Øèïîâ êîììåíòèðóåò ïîåäèíîê Ðàäæàáîâ - Òîïàëîâ. Â Âåéê-àí-Çåå ñåãîäíÿ
âñ¸ ðåøèòñÿ. Ïåðåä ïîñëåäíèì òóðîì ó Ðàäæàáîâà è Òîïàëîâà ïî 8 î÷êîâ, à
Àðîíÿí îòñòàåò îò ëèäåðîâ íà ïîë-î÷êà è íàâåðíÿêà áóäåò ñòðåìèòüñÿ ê ïîáåäå,
êîòîðàÿ äàñò Ëåâîíó øàíñû íà äåë,æ ïåðâîãî ìåñòà. Â òî æå âðåìÿ åãî ñîïåðíèê
Ñåðãåé Òèâÿêîâ â ïðåäûäóùèõ ïàðòèÿõ ïîêàçàë, ÷òî óìååò óñïåøíî çàùèùàòüñÿ îò
àòàê òîï-èãðîêîâ. Ñíàðÿä èëè áðîíÿ - êòî ïîáåäèò íà ýòîò ðàç? Çàòàèâ äûõàíèå,
ñìîòðèì!} 1. d4 Nf6 2. c4 e6 3. Nf3 b6 4. g3 Bb7 5. Bg2 Be7 6. O-O {Íîâîèíäèéñê
àÿ çàùèòà - íàä,æíûé äåáþò. Íî îòíþäü íå òàêîé ïðåñíûé, êàê åãî èíîãäà
ïûòàþòñÿ ïðåäñòàâèòü.} c6 {×¸ðíûå ãîòîâÿò ïðîäâèæåíèå d7-d5. Îíè ñîãëàñíû íà
íåñêîëüêî ñòåñí,ííóþ, íî ïðî÷íóþ ïîçèöèþ áåç ñëàáîñòåé. Òèâÿêîâ, êîíå÷íî
æå, çíàåò î òîì, ÷òî åãî ñîïåðíèêó íóæíà òîëüêî ïîáåäà.} 7. Nc3 d5 8. Nd2 {
Ñîãëàñíî ìîåé áàçå - íîâèíêà! Óæå íà ñåäüìîì õîäó! À âåäü õîäó Ëåâîíà íå
îòêàæåøü â ëîãèêå - êîíü îòêðûë äèàãîíàëü ñèëüíîìó ñëîíó è çàùèòèë ïåøêó ñ4.
Ðàíåå èãðàëè áåëûå â ýòîé ïîçèöèè èãðàëè 0-0, cd, Bg5 èëè Ne5. Â ïîñëåäíåì
ñëó÷àå êîíü ïîïàäàåò ïîä ðàçìåí ïîñëå åñòåñòâåííîãî Nbd7. Íàâåðíÿêà Ëåâîí
æåëàåò óâåñòè ïàðòèþ ñ ïðîòîðåííûõ ïóòåé è ñîõðàíèòü ïîáîëüøå ôèãóð. ×òî æå,
íåëüçÿ íå ïðèçíàòü, ÷òî òàêîé ñïîñîá èãðû íà ïîáåäó èìååò ñìûñë.} O-O {
Ïîñëå íåäîëãèõ ðàçäóìèé Òèâÿêîâ ñäåëàë ñàìûé åñòåñòâåííûé õîä. Çäåñü ÿ äîëæåí
èçâèíèòüñÿ çà íåòî÷íîñòü. Íà ñàìîì äåëå õîä 7. Nd2 óæå îäíàæäû âñòðå÷àëñÿ -
â ïàðòèè Äîðôìàí - Áèøîôô â 1999 ãîäó.} 9. e4 dxc4 ({
Â ïàðòèè-ïåðâîèñòî÷íèêå áûëî ñûãðàíî} 9... Na6 {. Íî òåïåðü åñòåñòâåííîå 10.
Nc4 âåä,ò ñ ïåðåñòàíîâêîé õîäîâ ê õîðîøî èçâåñòíîé ïîçèöèè.}) 10. Nxc4 Ba6 11.
b3 b5 12. Ne3 b4 13. Ne2 {×åðíûå çàõâàòèëè ïðîñòðàíñòâî íà ôåðçåâîì ôëàíãå è
îòòåñíèëè áåëûõ êîíåé, íî ñîçäàëè ñåáå ñëàáîñòè. Âïðî÷åì, ïîêà âñå õîðîøî
èçâåñòíî} Bxe2 14. Qxe2 Qxd4 15. Bb2 Qb6 16. Nc4 {#} Qb5 {Áåëûå ïîæåðòâîâàëè
ïåøêó, íî ðàçâèëè îïðåäåë,ííóþ àêòèâíîñòü. Òåêóùàÿ ïîçèöèÿ âñòðå÷àëàñü íà
ïðàêòèêå òðèæäû, ïðè÷,ì âïåðâûå - â 1946 ãîäó â ïàðòèè Ñìûñëîâ - Ãèìàð. Âî
âñåõ òð,õ ïàðòèÿõ áåëûå áèëè ñëîíîì íà f6.} 17. Bxf6 Bxf6 {Êîììåíòàòîðû ïàðòèè
Ñìûñëîâ - Ãèìàð ïîñ÷èòàëè ñäåëàííûé â íåé õîä 17... gf áîëåå ñèëüíûì.
Âïðî÷åì, âñå è îíà, è îáå ïàðòèè, ãäå ÷¸ðíûå áðàëè ñëîíîì, çàêîí÷èëèñü
âíè÷üþ.} (17... gxf6 18. Rad1 a5 19. Rfe1 a4 20. e5 Ra7 21. Qf3 f5 22. g4
fxg4 23. Qxg4+ Kh8 24. Kh1 axb3 25. axb3 Qc5 26. Re3 f5 27. exf6 Bxf6 28. Qxe6
Re7 29. Qd6 Qxd6 30. Rxd6 Rxe3 31. fxe3 Kg7 32. Be4 Rd8 33. Kg2 Rxd6 34. Nxd6
c5 35. Ne8+ Kf7 36. Nxf6 Kxf6 37. Bxh7 Nc6 38. Kf3 c4 39. bxc4 Ne5+ {
1/2-1/2 Smyslov,V-Guimard,C/Groningen 1946/MCL/[ChessBase]}) 18. e5 Be7 {
Ëþáîïûòíî, ÷òî â ïàðòèè Áðîäñêèé - Òèâÿêîâ, ñûãðàííîé ïîëòîðà ãîäà íàçàä, â
ýòîé ïîçèöèè ñîïåðíèêè ñîãëàñèëèñü íàíè÷üþ!} 19. Rad1 $146 {Íîâèíêà! Â
Íèêà - Ìàðè÷, ñûãðàííîé íà Øàõìàòíîé Îëèìïèàäå â Ñàëîíèêàõ â 1988 ãîäó,
ìàëîèçâåñòíàÿ øàõìàòèñòêà ïîñòàâèëà íà d1 äðóãóþ ëàäüþ.} (19. Rfd1 a5 20. Rd2
Ra7 21. Rad1 Rc7 22. Rd4 Na6 {
- äàâëåíèå áåëûõ ïîëíîñòüþ êîìïåíñèðóåò íåäîñòàþùóþ ïåøêó.} 23. Be4 Nc5 24.
Bc2 f5 25. exf6 Bxf6 26. Qh5 Nd3 27. Qxb5 cxb5 28. R4xd3 bxc4 29. bxc4 Rxc4 30.
Bb3 Re4 31. Rd6 Re8 32. Ra6 Bc3 {
1/2-1/2 Nika,K (2035)-Maric,A (2345)/Thessaloniki 1988/EXT 97}) 19... a5 {
Ïàðòèÿ ìîæåò ñâåñòèñü ê ïîçèöèÿì èç ïðåäûäóùåãî ïðèìå÷àíèÿ. ß îòêàçûâàþñü
îáúÿâëÿòü õîäû íîâèíêàìè! Èáî Ëåâîí ñ Ñåðãååì ìåíÿ òóò æå îïðîâåðãàþò! À åñëè
ñåðü¸çíî, áåëûå ïîëó÷èëè äîñòàòî÷íóþ ïîçèöèîííóþ êîìïåíñàöèþ çà ïåøêó -
íî íå äóìàþ, ÷òî ó íèõ åñòü ñåðü¸çíûé ïåðåâåñ. Ñåé÷àñ Ëåâîí çàäóìàëñÿ.
Íåîáõîäèìî âûáðàòü áîëåå âåðíóþ ðåäàêöèþ ñäâîåíèÿ ëàäåé ïî îòêðûòîéâåðòèêàëè:
Rd2 èëè Rd3.} 20. Be4 {Íå óãàäàë. Ëåâîí àêòèâèçèðóåò ñëîíà è íåäâóñìûñëåííî
íàìåêàåò ïàðòí,ðó íà âîçìîæíîñòü àòàêè íà êîðîëåâñêîì ôëàíãå. Êàæåòñÿ, ñòîèëî
âñ¸ æå ñíà÷àëà çàõâàòèòü ëèíèþ «d».} Ra7 21. h4 {Àãðåññèâíî! Íî ñåé÷àñ ÷,
ðíûå ìîãóò ïîñòàâèòü êîíÿ íà d7, ðåøàÿ ïðîáëåìó ðàçâèòèÿ ñâîåé ñàìîé ïëîõîé
ôèãóðû.} Nd7 22. h5 {Íà å5 íå âèñèò èç-çà óäàðà íà h7. Ïîýòîìó ÷¸ðíûì ñòîèò
çàòåÿòü êîíòðèãðó íà ôåðçåâîì ôëàíãå ïóòåì 23... Nc5 èëè 23... a4. Êàæåòñÿ,
ïëàí Àðîíÿíà, ñâÿçàííûé ñ âûõîäîì ñëîíà íà å4 è ïðîäâèæåíèåì êðàéíåé ïåøêè áûë
íå ñèëüíåéøèì, è Òèâÿêîâó óäàëîñü óðàâíÿòü èãðó!  #} Nxe5 $6 23. Qe3 $1 {
Åùå ñèëüíåå, ÷åì âçÿòèå íà h7!} Ng4 {Âîò òàê òàê! Òèâÿêîâ ïîæåðòâîâàë öåëóþ
ëàäüþ è áðîñèëñÿ â êîíòðàòàêó. Äîñòàòî÷íà ëè îíà? Ìîé æåëåçíûé ïîìîùíèê â
ýòîì ñèëüíî ñîìíåâàåòñÿ!} 24. Qxa7 Qxh5 ({Âîçìîæåí  (ïîñëå} 24... Qxh5 {
âàðèàíò:} 25. Kg2 Bc5 26. Qxa5 Qh2+ 27. Kf3 Nxf2 28. Qxc5 Nxd1 29. Bxh7+ Qxh7
30. Rxd1 {- ó ÷¸ðíûõ íåò äîñòàòî÷íîé êîìïåíñàöèè çà ïîæåðòâîâàííûé ìàòåðèàë.}
) 25. Kg2 Bc5 26. Qxa5 ({Ðàçóìååòñÿ, Ëåâîíà íå ìîãëî óñòðîèòü òðóñëèâîå} 26.
Rh1 Qxh1+ 27. Rxh1 Bxa7 28. Bxh7+ {ñ âå÷íûì øàõîì.} Kh8) 26... Qh2+ {
Ó Àðîíÿíà åäèíñòâåííûé âîçìîæíûé ïî ïðàâèëàì õîä, íî Ëåâîí çàäóìàëñÿ. Íåóæåëè
Òèâÿêîâ ïðåäëîæèëíè÷üþ?} 27. Kf3 Bxf2 {
Ïîõîæå, ýòî ïðîèãðûâàåò äîâîëüíî áûñòðî.} 28. Rd8 ({Ñðàçó âûèãðûâàëî} 28. Bxh7+
Kh8 ({åù¸ õóæå} 28... Qxh7 29. Kxg4 Qg6+ 30. Kf3 Qxg3+ 31. Ke2) 29. Be4 Qxg3+
30. Ke2 {- ó ÷¸ðíûõ íåò íè ìàòåðèàëà, íè àòàêè.}) 28... Qxg3+ 29. Ke2 Bc5 30.
Rxf8+ Bxf8 31. Qa7 {
È ñåé÷àñ ÷¸ðíûì íå ïîçàâèäóåøü, íî áîðüáà åù¸ ïðîäîëæàåòñÿ.} ({Ïîñëå (ïîñëå} 
31. Qa7 {)} Qh2+ 32. Kd1 f6 {áåëûì ñòîèò öèíè÷íî çàïàñòèòü ïåøêîé -} 33. Bxc6
{. Íåñìîòðÿ íà íåîáåñïå÷åííîñòü áåëîãî êîðîëÿ, ÷¸ðíûå íå ìîãóò ñîçäàòü ñåðü,
çíûõ óãðîç, à ïåøêè êîðîëåâñêîãî ôëàíãà ïðè ôåðçÿõ íèêóäà íå ïðîéäóò.}) 31...
Qh2+ {Õîä ñäåëàí ïîñëå î÷åíü äîëãîãî ðàçäóìüÿ.} 32. Kd1 f6 {Âðåìÿ: 1.11 - 0.
22. Ïîçèöèÿ íåñòàíäàðòíà, íåïðîñòà äëÿ ðàçûãðûâàíèÿ, íî îáúåêòèâíî âûèãðàíà
äëÿ áåëûõ. ×¸ðíàÿ ïåøå÷íàÿ êîìïåíñàöèÿ ñòîèò íà ìåñòå, à ëàäüÿ áåëûõ â
ëþáîé ìîìåíò ïîäêëþ÷èòñÿ â áîé, è òîãäà êîðîëþ Òèâÿêîâà ñòàíåò íåñëàäêî.}
33. Qd7 {È òàê òîæå õîðîøî} Nf2+ 34. Ke1 {Êîìïüþòåð ãîëîñóåò çà îòõîä íà
êîðîëÿ íà ñ1, íî è õîä â ïàðòèè ñîõðàíÿåò çà áåëûìè ðåøàþùåå ïðåèìóùåñòâî.}
Nxe4 35. Qxe6+ Kh8 36. Qxe4 Qxa2 37. Qe8 Kg8 {Ñåðèÿ ôîðñèðîâàííûõ õîäîâ
çàêîí÷èëàñü. Áåëûì ñëåäóåò çàùèòèòü ïåøêó b3 ëàäü,é ñ f3 - ñðàçó èëè ïîñëå
ïðåäâàðèòåëüíîãî øàõà. Ïîñëå ýòîãî îíè äîëæíû ïåðåáðîñèòü ôèãóðû ïîáëèæå ê
íåïðèÿòåëüñêîìó êîðîëþ, èçáåãàÿ äî ïîðû äî âðåìåíè ðàçìåíà ôåðçåé.} 38. Rf3
Qb1+ 39. Kf2 c5 40. Qe6+ Kh8 {Êîíòðîëü âðåìåíè ïðîéäåí.} 41. Ne5 $1 {Ýôôåêòíî!}
({Ïðàâäà,} 41. Qf7 {òîæå âûèãðûâàëî.}) 41... h6 42. Nd7 {
×¸ðíûì îñòàëîñü æèòü ñîâñåì íåäîëãî.} Qc2+ 43. Qe2 ({Åù¸ ñèëüíåå áûëî} 43. Kg3
{, íî è òàê äîñòàòî÷íî. ×..ÐÍÛÅ ÑÄÀËÈÑÜ! Ñåðãåé Òèâÿêîâ ïðîèãðàë ýòó ïàðòèþ
èç-çà íåîáúÿñíèìîãî ïåðåõîäà â íåêîððåêòíóþ êîíòðàòàêó â ðàâíîé ïîçèöèè.
Ñàìîå óäèâèòåëüíîå çàêëþ÷àåòñÿ â òîì, ÷òî òàêàÿ èãðà ñîâåðøåííî íå
ñâîéñòâåííà ñòèëþ, êîòîðûé îí èñïîâåäóåò. À Ëåâîí ÷,òêî îáðàòèë
íåêîððåêòíóþ æåðòâó ñîïåðíèêà ñåáå íà ïîëüçó. Èòàê, ïåðâîå ìåñòî ðàçäåëèëè
òðîå: Àðîíÿí, Ðàäæàáîâ, Òîïàëîâ (â àëôàâèòíîì ïîðÿäêå). Íà ýòîì ÿ, Manowar,
ïðîùàþñü ñ âàìè. Äî íîâûõ âñòðå÷!}) 1-0